 Dungeon Crawl Stone Soup version 0.24.0-123-gd5b16e6ec5 (webtiles) character file.

Game seed: 13849800419256875744, levelgen mode: deterministic

131234 1994 the Peltast (level 16, -5/112 HPs)
             Began as a Demonspawn Skald on Jan 8, 2020.
             Was the Champion of Hepliaklqana.
             Killed by drain life
             ... invoked by a soul eater
             ... summoned by a shadow demon
             ... summoned by a deep elf demonologist
              (7 damage)
             ... on level 3 of the Elven Halls.
             The game lasted 02:48:55 (38295 turns).

1994 the Peltast (Demonspawn Skald)                Turns: 38295, Time: 02:48:55

Health: -5/112     AC:  7    Str: 15    XL:     16   Next: 54%
Magic:  24/24      EV: 18    Int: 21    God:    Hepliaklqana [******]
Gold:   2160       SH: 18    Dex: 19    Spells: 13/23 levels left

rFire    + . .     SeeInvis .   a - +4 trident (venom)
rCold    + . .     Gourm    .   m - +0 shield
rNeg     . . .     Faith    .   k - +0 leather armour {MR+}
rPois    .         Spirit   .   L - +0 helmet
rElec    +         Reflect  +   E - +0 cloak
rCorr    .         Harm     .   v - +0 pair of gloves
MR       +++..                  (boots unavailable)
Stlth    ++........             C - +5 amulet of reflection
HPRegen  0.28/turn              t - ring of protection from cold
MPRegen  0.19/turn              W - ring "Erolum" {rElec MR+ Str+3 Stlth-}

@: lethally poisoned (-5 -> -17), drained
A: reduced essence, claws 1, hooves 3, thin skeletal structure 3, clever 1, fire
resistance 1, foul stench 1, powered by pain 1, weak 1, rot immunity
a: Recall Ancestor, Ancestor Identity, Transference, Idealise, Renounce Religion


You were on level 3 of the Elven Halls.
You worshipped Hepliaklqana.
Hepliaklqana was exalted by your worship.
You were not hungry.

You visited 5 branches of the dungeon, and saw 27 of its levels.
You also visited: Sewer and Bailey.

You collected 2314 gold pieces.
You spent 154 gold pieces at shops.

Inventory:

Hand Weapons
 a - a +4 trident of venom (weapon)
 b - the +7 trident "Nuuroqax" {flame, *Corrode rPois rF++ Stlth+}
   (You acquired it in a bailey)

   It has been specially enchanted to burn those struck by it, causing extra
   injury to most foes and up to half again as much damage against particularly
   susceptible opponents.
   It greatly protects you from fire.
   It protects you from poison.
   It may corrode you when you take damage.
   It makes you more stealthy.
 c - a +0 trident of flaming
 B - a +0 hunting sling
Missiles
 h - 115 sling bullets
 l - 11 javelins (quivered)
 H - a throwing net
Armour
 k - a +0 leather armour of magic resistance (worn)
 m - a +0 shield (worn)
 q - a +0 troll leather armour
 v - a +0 pair of gloves (worn)
 E - a +0 cloak (worn)
 L - a +0 helmet (worn)
 O - a +1 scale mail of positive energy
 U - +0 acid dragon scales
Jewellery
 t - a ring of protection from cold (left hand)
 w - a +2 ring of protection
 C - a +5 amulet of reflection (around neck)
 F - an uncursed ring of protection from cold
 P - an uncursed ring of see invisible
 R - a cursed ring of poison resistance
 V - an uncursed ring of protection from fire
 W - the ring "Erolum" (right hand) {rElec MR+ Str+3 Stlth-}
   (You found it on level 11 of the Dungeon)

   [ring of protection from magic]

   It affects your strength (+3).
   It insulates you from electricity.
   It affects your resistance to hostile enchantments.
   It makes you less stealthy.
Wands
 g - a wand of acid (28)
 u - a wand of enslavement (18)
 x - a wand of iceblast (37)
 K - a wand of digging (4)
 T - a wand of clouds (3)
 Y - a wand of flame (10)
Scrolls
 r - 2 scrolls of fog
 s - 3 scrolls of fear
 y - 7 scrolls of identify
 z - 10 scrolls of teleportation
 D - 3 scrolls of immolation
 J - 9 scrolls of remove curse
 M - 2 scrolls of magic mapping
 S - a scroll of summoning
Potions
 e - 2 potions of flight
 f - 3 potions of resistance
 i - 4 potions of agility
 j - 13 potions of curing
 n - 13 potions of heal wounds
 o - 2 potions of brilliance
 p - a potion of ambrosia
 A - 5 potions of magic
 G - a potion of haste
 I - 3 potions of berserk rage
 N - 3 potions of lignification
 Q - 3 potions of cancellation
 X - 4 potions of invisibility
 Z - 2 potions of might
Comestibles
 d - 48 rations


   Skills:
 + Level 11.3(10.5) Fighting
 - Level 14.0(13.1) Polearms
 - Level 6.3(5.6) Armour
 + Level 9.2(8.4) Dodging
 - Level 15.0(14.1) Shields
 + Level 4.4(3.7) Spellcasting
 - Level 4.0(3.3) Hexes
 - Level 4.0(3.3) Charms
 - Level 4.0(3.3) Necromancy
 - Level 3.0(2.3) Transmutations
 - Level 3.0(2.3) Earth Magic
 + Level 10.7(9.9) Invocations


You had 13 spell levels left.
You knew the following spells:

 Your Spells              Type           Power        Failure   Level  Hunger
a - Regeneration          Chrm/Necr      ###.......   13%         3    ###....
b - Spectral Weapon       Hex/Chrm       ###.....     13%         3    ###....
c - Song of Slaying       Chrm           ###.....     6%          2    ##.....
d - Passwall              Tmut/Erth      ##......     10%         2    ##.....

Your spell library contained the following spells:

 Spells                   Type           Power        Failure   Level  Hunger
 Confusing Touch          Hex            ###...       4%          1    None
 Infusion                 Chrm           ###.         4%          1    None
 Sandblast                Erth           ##....       6%          1    None
 Confuse                  Hex            ###.....     12%         3    ###....
 Shroud of Golubria       Chrm/Tloc      ##....       13%         2    ##.....
 Freeze                   Ice            #...         17%         1    None
 Magic Dart               Conj           #...         17%         1    None
 Poisonous Vapours        Pois/Air       #.....       26%         2    ##.....
 Searing Ray              Conj           #.....       26%         2    ##.....
 Throw Frost              Conj/Ice       #.....       26%         2    ##.....
 Dazzling Spray           Conj/Hex       ##....       26%         3    ###....
 Ozocubu's Armour         Chrm/Ice       ##......     26%         3    ###....
 Stone Arrow              Conj/Erth      #.....       30%         3    ###....
 Cause Fear               Hex            ###.......   38%         4    ####...
 Conjure Flame            Conj/Fire      #.......     45%         3    ###....
 Gell's Gravitas          Tloc           #.........   45%         3    ###....
 Mephitic Cloud           Conj/Pois/Air  #.......     45%         3    ###....
 Petrify                  Tmut/Erth      ##......     54%         4    ####...
 Fulminant Prism          Conj/Hex       ##........   63%         4    ####...
 Yara's Violent Unravell  Hex/Tmut       ###.......   82%         5    ######.
 Force Lance              Conj/Tloc      #.......     86%         4    ####...
 Iskenderun's Mystic Bla  Conj           #.......     86%         4    ####...
 Summon Ice Beast         Ice/Summ       #.......     86%         4    ####...
 Throw Icicle             Conj/Ice       #.......     86%         4    ####...
 Lee's Rapid Deconstruct  Erth           ##........   87%         5    ######.
 Metabolic Englaciation   Hex/Ice        ##........   93%         5    ######.
 Silence                  Hex/Air        ##........   93%         5    ######.
 Irradiate                Conj/Tmut      #.........   96%         5    ######.
 Deflect Missiles         Chrm/Air       ##........   100%        6    #######
 Freezing Cloud           Conj/Ice/Air   #.........   100%        6    #######
 Hydra Form               Tmut           ##........   100%        6    #######
 Iron Shot                Conj/Erth      #.........   100%        6    #######
 Statue Form              Tmut/Erth      ##.......    100%        6    #######
 Dragon Form              Tmut           ##........   100%        7    #######
 Ring of Flames           Chrm/Fire      ##........   100%        7    #######
 Discord                  Hex            ###.......   100%        8    #######


Dungeon Overview and Level Annotations

Branches:
Dungeon (15/15)            Temple (1/1) D:4            Lair (6/6) D:10
  Swamp (0/4) Lair:2        Snake (0/4) Lair:2        Slime (0/5) Lair:6
    Orc (2/2) D:10            Elf (3/3) Orc:2        Vaults (0/5) D:14
 Depths (0/5) D:15          Sewer (visited)          Bailey (visited)

Altars:
Ashenzari
Cheibriados
Dithmenos
Elyvilon
Fedhas
Gozag
Hepliaklqana
Kikubaaqudgha
Makhleb
Nemelex Xobeh
Okawaru
Qazlal
Ru
Sif Muna
Trog
Uskayaw
Vehumet
Wu Jian
Xom
Yredelemnul
Zin
The Shining One
Beogh

Shops:
D:8 [   Orc:1 [   Orc:2 [(**

Portals:
Trove: D:10 (show abyssal rune of Zot)

Annotations:
Orc:1 2 transporters, Dmuffinman's ghost, journeyman MiBe
Elf:2 5 runed translucent doors
Elf:3 exclusion: deep elf death mage


Innate Abilities, Weirdness & Mutations

You have hooves in place of feet.
You have an unnaturally thin skeletal structure. (Dex +6, Stealth++)
Your flesh is heat resistant. (rF+)
You may emit foul miasma when damaged in melee.
You sometimes gain a little power by taking damage.
You are immune to rotting.
Your life essence is reduced to manifest your ancestor. (-10% HP)
You have sharp fingernails.
Your mind is acute. (Int +2)
You are weak. (Str -2)


Message History

You feel sick. The neqoxec gestures at you.
Something tries to feed on your intellect!
The crimson imp blinks!
You block the rust devil's attack. You block the Tzitzimitl's attack.
The Tzitzimitl bites you.
* * * LOW HITPOINT WARNING * * *
EviL_GrannY hits the Brimstone Fiend with a +0 quarterstaff!!
The Brimstone Fiend closely misses EviL_GrannY.
The Brimstone Fiend barely misses EviL_GrannY.
The Brimstone Fiend hits EviL_GrannY.
You completely miss the deep elf demonologist.
Your kick misses the deep elf demonologist.
The deep elf demonologist is almost dead.
The deep elf demonologist hits you with a +2 spear of venom!
* * * LOW HITPOINT WARNING * * *
You are more poisoned.
The red devil hops backward while attacking.
You block the red devil's attack.
The soul eater draws from the surrounding life force!
You die...

#.# #### ##'#.......#'## ##.
#.###..# ##.........## ##..
#'#....# ##...........## ##...
##.<....# #.............# #....
...e...e###......(......#####....
........'.'.......5.....'...'....
e.......###......3......#####....
........# #...1e12......# #....
........# ##...R@53....## ##...
##......# ##....4).ยง.## ##'..
#'#....# ##4....<.## ##.##.
#.###..# ##'.....## ##.#### #.#
#### ##.####### ##.## #.# ##.##
##.## #.# ##.## ##.## ##
#'#######.## ##### ##.## #.
#......#'## ##...###.## #.


You could see the friendly EviL_GrannY the battlemage, a Tzitzimitl, a Brimstone
Fiend, a soul eater, a shadow demon, a deep elf demonologist, a rust devil, a
neqoxec, a red devil, an iron imp and a crimson imp.

Vanquished Creatures
  A deep elf blademaster (Elf:3)
  3 deep elf sorcerers
  6 dire elephants
  Azrael (Orc:1)
  A deep elf death mage (Elf:3)
  3 deep elf high priests (Elf:3)
  4 hydras
  Fannar (Lair:3)
  A catoblepas (Lair:4)
  An anaconda (Lair:6)
  8 dancing weapons
  5 two-headed ogres
  A death knight (D:15)
  4 death yaks
  2 orc high priests (Orc:2)
  7 deep elf knights
  A skeletal warrior (D:14)
  5 deep elf archers
  Pikel (D:7)
  A phantasmal warrior (D:14)
  A cyclops (D:13)
  5 orc knights
  21 deep elf magi
  2 ugly things (D:12)
  5 elephants
  2 black mambas
  Psyche (D:8)
  5 spiny frogs
  2 rime drakes
  A freezing wraith (D:14)
  2 kobold demonologists
  A komodo dragon (Lair:4)
  A polar bear (Lair:5)
  3 trolls
  A hornet (D:12)
  9 blink frogs
  Prince Ribbit (D:7)
  A slime creature (D:15)
  A meliai zombie (D:15)
  Sigmund (D:3)
  4 hippogriffs
  11 yaks
  4 air elementals
  A wyvern (D:11)
  2 fire elementals
  2 hungry ghosts
  An acid dragon (D:13)
  Edmund (D:4)
  A soldier ant (D:10)
  3 hell hounds
  5 water moccasins
  An ice beast (D:10)
  15 orc warriors
  2 phantoms
  4 sky beasts
  A slave (D:6)
  2 necrophages (D:6)
  9 ogres
  4 wolves
  7 centaurs
  6 crocodiles
  3 big kobolds
  6 bullfrogs
  A gnoll sergeant (D:9)
  A wyvern skeleton (D:14)
  A scorpion (D:9)
  2 killer bees
  5 howler monkeys
  4 crimson imps
  4 bullfrog zombies
  2 centaur zombies
  18 orc priests
  A hound (D:6)
  3 jellies
  13 orc wizards
  Jessica (D:3)
  4 centaur skeletons
  Natasha (thrice) (D:3 D:2)
  5 worker ants
  6 gnolls
  9 adders
  6 river rats
  3 shadow imps
  3 oozes
  An adder skeleton (D:3)
  An adder zombie (D:8)
  3 worms
  A dart slug (D:1)
  7 leopard geckos
  73 orcs
  4 ball pythons (D:3)
  7 giant cockroaches
  9 goblins
  7 hobgoblins
  2 jackals (D:4)
  4 quokkas
  4 bats
  3 frilled lizards
  12 kobolds
  20 rats
  A fungus (Lair:5)
  2 plants
474 creatures vanquished.

Vanquished Creatures (collateral kills)
  Jorgrun (D:15)
  Roxanne (D:15)
  A deep elf sorcerer (Elf:3)
  A deep elf elementalist (Elf:3)
  A deep elf annihilator (Elf:3)
  2 deep elf demonologists (Elf:3)
  A dire elephant (Lair:6)
  A deep elf death mage (Elf:3)
  2 hydras
  An ogre mage (D:15)
  2 dancing weapons
  4 death yaks
  3 two-headed ogres
  3 orc high priests
  2 deep elf knights
  Nergalle (Lair:1)
  A skeletal warrior (D:15)
  2 unseen horrors
  An orc knight (Bailey)
  2 deep elf archers (Elf:1)
  A necromancer (D:14)
  16 deep elf magi
  2 ugly things (D:12)
  2 manticores (D:15)
  An orc sorcerer (Orc:2)
  3 elephants
  A guardian serpent (Lair:2)
  4 black mambas
  A naga mage (D:15)
  6 spiny frogs
  A centaur skeleton (D:15)
  An efreet (D:12)
  A kobold demonologist (D:11)
  A rime drake (Lair:3)
  4 komodo dragons
  2 polar bears
  2 trolls
  A merfolk (shapeshifter) (D:15)
  A hornet (D:10)
  12 blink frogs
  6 hippogriffs
  A slime creature (D:15)
  3 air elementals
  A shadow (D:11)
  4 wraiths
  2 water elementals (Elf:2)
  2 wyverns
  8 yaks
  A basilisk (Lair:4)
  A fire elemental (Elf:2)
  A steam dragon (Lair:3)
  Grum (D:9)
  A hungry ghost (D:11)
  A warg (Orc:1)
  2 hell hounds
  2 acid dragons
  11 water moccasins
  4 porcupines
  20 orc warriors
  3 slaves
  2 phantoms
  A black bear (D:7)
  2 ice beasts
  2 necrophages
  6 ogres
  2 sky beasts
  7 centaurs
  8 wolves
  8 crocodiles
  4 big kobolds
  11 bullfrogs
  An earth elemental (Elf:1)
  A wyvern zombie (D:12)
  2 scorpions
  5 killer bees
  2 howler monkeys (D:10)
  4 crimson imps
  4 centaur zombies
  A bullfrog zombie (D:13)
  4 jellies
  14 orc priests
  Crazy Yiuf (D:7)
  A hound (D:8)
  A bullfrog skeleton (D:12)
  2 hell rats (Lair:1)
  2 iguanas
  16 orc wizards
  5 worker ants
  2 gnolls
  A howler monkey skeleton (D:7)
  3 river rats (Lair:1)
  An adder (D:11)
  A shadow imp (D:12)
  An ooze (Lair:6)
  An adder skeleton (D:7)
  2 leopard geckos
  38 orcs
  A goblin (Orc:1)
  A jackal (D:4)
  4 kobolds
  2 quokkas
  A leopard gecko skeleton (D:5)
  2 rats (Lair:1)
  6 plants (Lair:6)
357 creatures vanquished.

Vanquished Creatures (others)
  2 centaur warriors
  A deep elf mage (Elf:1)
  5 centaurs
  An orc priest (Orc:1)
  An ancestor (D:7)
  28 battlemagi
  A giant cockroach (D:7)
  A kobold (D:11)
  20 fungi
  3 plants
  27 spectral weapons
90 creatures vanquished.

Grand Total: 921 creatures vanquished

Notes
Turn   | Place    | Note
-------+----------+-------------------------------------------
     0 | D:1      | 1994 the Demonspawn Skald began the quest for the Orb.
     0 | D:1      | Reached XP level 1. HP: 16/16 MP: 3/3
   582 | D:1      | Gained mutation: You have large cloven feet. [demonic
                  | ancestry]
   582 | D:1      | Reached XP level 2. HP: 22/22 MP: 5/5
  1243 | D:2      | Found a sacrificial altar of Ru.
  1247 | D:2      | Found an ancient bone altar of Kikubaaqudgha.
  1279 | D:2      | Found a stormy altar of Qazlal.
  1381 | D:2      | Gained mutation: You are immune to rotting. [demonic
                  | ancestry]
  1381 | D:2      | Reached XP level 3. HP: 25/28 MP: 2/6
  1404 | D:2      | Learned a level 3 spell: Spectral Weapon
  1852 | D:2      | Gained mutation: You sometimes gain a little power by
                  | taking damage. [demonic ancestry]
  1852 | D:2      | Reached XP level 4. HP: 19/34 MP: 0/7
  2208 | D:2      | Reached skill level 1 in Hexes
  2271 | D:3      | Noticed Sigmund
  2337 | D:3      | Noticed Natasha
  2342 | D:3      | Killed Natasha
  2376 | D:3      | Learned a level 3 spell: Regeneration
  2420 | D:3      | Reached XP level 5. HP: 11/39 MP: 1/8
  2798 | D:3      | Reached skill level 1 in Necromancy
  2803 | D:3      | Found a glowing drain.
  2827 | Sewer    | Entered a sewer
  2924 | Sewer    | Gained mutation: You have a somewhat thin skeletal
                  | structure. (Dex +2, Stealth) [demonic ancestry]
  2924 | Sewer    | Reached XP level 6. HP: 42/46 MP: 5/9
  2969 | Sewer    | Found a glowing silver altar of Zin.
  3140 | D:3      | Noticed Jessica
  3143 | D:3      | Noticed Natasha
  3173 | D:2      | Killed Natasha
  3408 | D:2      | Noticed Natasha
  3414 | D:2      | Killed Natasha
  3506 | D:3      | Killed Sigmund
  3511 | D:3      | Killed Jessica
  3511 | D:3      | Gained mutation: You may emit foul miasma when damaged in
                  | melee. [demonic ancestry]
  3511 | D:3      | Reached XP level 7. HP: 45/52 MP: 10/10
  3900 | D:4      | Found a staircase to the Ecumenical Temple.
  3905 | Temple   | Entered the Ecumenical Temple
  4088 | Temple   | Became a worshipper of Hepliaklqana the Forgotten
  4182 | D:4      | Noticed Edmund
  4207 | D:4      | Killed Edmund
  4828 | D:5      | Entered Level 5 of the Dungeon
  5037 | D:5      | Found an ornate altar of the Wu Jian Council.
  5489 | D:5      | Gained mutation: You have a moderately thin skeletal
                  | structure. (Dex +4, Stealth+) [demonic ancestry]
  5489 | D:5      | Reached XP level 8. HP: 48/54 MP: 11/11
  5900 | D:6      | Reached skill level 5 in Polearms
  5954 | D:6      | Reached * piety under Hepliaklqana
  6509 | D:6      | Found a shimmering altar of Xom.
  6509 | D:6      | Found a shimmering blue altar of Sif Muna.
  6510 | D:6      | Found a basalt altar of Yredelemnul.
  6849 | D:7      | Noticed Prince Ribbit
  7011 | D:7      | Killed Prince Ribbit
  7011 | D:7      | Reached skill level 5 in Fighting
  7077 | D:7      | Noticed Pikel
  7421 | D:7      | Killed Pikel
  7421 | D:7      | Reached skill level 5 in Dodging
  7421 | D:7      | Gained mutation: You have hoof-like feet. [demonic
                  | ancestry]
  7421 | D:7      | Reached XP level 9. HP: 49/61 MP: 10/12
  8131 | D:7      | Found a runed translucent door.
  8132 | D:7      | Noticed Crazy Yiuf
  8143 | D:7      | Killed Crazy Yiuf
  8617 | D:8      | Reached ** piety under Hepliaklqana
  8618 | D:8      | Remembered your ancestor EviL_GrannY as a battlemage
  8662 | D:8      | Got a dazzling war axe
  8755 | D:8      | Noticed Psyche
  8776 | D:8      | Killed Psyche
  9185 | D:8      | Noticed a two-headed ogre
  9396 | D:8      | Reached XP level 10. HP: 60/69 MP: 13/13
  9549 | D:8      | Found Wigih's Armour Shop.
  9790 | D:8      | Killed a two-headed ogre
 10042 | D:9      | Noticed Grum
 10051 | D:9      | Killed Grum
 10270 | D:9      | Reached *** piety under Hepliaklqana
 10319 | D:9      | Reached skill level 1 in Shields
 10997 | D:9      | Reached skill level 2 in Shields
 11192 | D:10     | Entered Level 10 of the Dungeon
 11205 | D:10     | Found a staircase to the Lair.
 11476 | D:10     | Reached skill level 3 in Shields
 11483 | D:10     | Found a roughly hewn altar of Beogh.
 11483 | D:10     | Found a staircase to the Orcish Mines.
 11516 | D:10     | Reached skill level 10 in Polearms
 11752 | D:10     | Found a portal to a secret trove of treasure.
 11914 | D:11     | Gained mutation: You have an unnaturally thin skeletal
                  | structure. (Dex +6, Stealth++) [demonic ancestry]
 11914 | D:11     | Reached XP level 11. HP: 75/75 MP: 14/14
 12020 | D:11     | Reached skill level 4 in Shields
 12025 | D:11     | Reached skill level 1 in Invocations
 12076 | D:11     | Reached **** piety under Hepliaklqana
 12208 | D:11     | Noticed an eight-headed hydra
 12221 | D:11     | Killed an eight-headed hydra
 12467 | D:11     | Noticed a two-headed ogre
 12482 | D:11     | Killed a two-headed ogre
 12482 | D:11     | Reached skill level 5 in Shields
 12511 | D:11     | Got a crude turquoise ring
 12512 | D:11     | Identified the ring "Erolum" {rElec MR+ Str+3 Stlth-} (You
                  | found it on level 11 of the Dungeon)
 12782 | D:11     | Noticed an orc knight
 12801 | D:11     | Killed an orc knight
 13416 | Lair:1   | Entered Level 1 of the Lair of Beasts
 13564 | Lair:1   | Noticed a five-headed hydra
 13577 | Lair:1   | Killed a five-headed hydra
 13577 | Lair:1   | Reached skill level 6 in Shields
 13954 | Lair:1   | You fall into a shaft and drop 1 floor!
 13954 | Lair:2   | Found a staircase to the Snake Pit.
 14396 | Lair:1   | Gained mutation: Your flesh is heat resistant. (rF+)
                  | [demonic ancestry]
 14396 | Lair:1   | Reached XP level 12. HP: 82/82 MP: 15/15
 14694 | Lair:1   | Noticed Nergalle
 14720 | Lair:1   | Killed Nergalle
 14720 | Lair:1   | Reached skill level 5 in Invocations
 15253 | Lair:2   | Learned a level 2 spell: Song of Slaying
 15421 | Lair:2   | Found a staircase to the Swamp.
 15423 | Lair:2   | Reached ***** piety under Hepliaklqana
 16033 | Lair:3   | Noticed Fannar
 16159 | Lair:3   | Killed Fannar
 16159 | Lair:3   | Reached skill level 7 in Shields
 16631 | Lair:4   | Noticed a death yak
 16634 | Lair:4   | Noticed a death yak
 16636 | Lair:4   | Noticed a death yak
 17304 | Lair:4   | Noticed a death yak
 17305 | Lair:4   | Noticed a death yak
 17675 | Lair:3   | Killed a death yak
 17720 | Lair:3   | Killed a death yak
 17720 | Lair:3   | Reached skill level 8 in Shields
 18269 | Lair:3   | Killed a death yak
 18299 | Lair:4   | Noticed a death yak
 18311 | Lair:3   | Killed a death yak
 18383 | Lair:3   | Killed a death yak
 18443 | Lair:3   | Killed a death yak
 18443 | Lair:3   | Reached XP level 13. HP: 21/90 MP: 18/18
 20743 | Lair:5   | Reached skill level 9 in Shields
 21119 | Lair:5   | You fall into a shaft and drop 1 floor!
 21119 | Lair:6   | Entered Level 6 of the Lair of Beasts
 22267 | Lair:5   | Reached ****** piety under Hepliaklqana
 23188 | Lair:6   | Found a staircase to the Slime Pits.
 23719 | Lair:6   | Noticed a dire elephant
 23719 | Lair:6   | Noticed a dire elephant
 23737 | Lair:6   | Killed a dire elephant
 23737 | Lair:6   | Reached skill level 10 in Shields
 23737 | Lair:6   | Reached XP level 14. HP: 69/98 MP: 15/20
 23748 | Lair:6   | Reached skill level 10 in Fighting
 24735 | D:12     | Found a blossoming altar of Fedhas.
 25511 | D:13     | Reached skill level 10 in Invocations
 26430 | D:14     | Reached skill level 11 in Shields
 26574 | D:14     | Found a gate to the Vaults.
 26830 | Orc:1    | Entered Level 1 of the Orcish Mines
 27005 | Orc:2    | Entered Level 2 of the Orcish Mines
 27191 | Orc:1    | Found a flagged portal.
 27215 | Bailey   | Entered a bailey
 27560 | Bailey   | Identified a scroll of acquirement
 27574 | Bailey   | Got a steaming trident
 27631 | Bailey   | Identified the +7 trident "Nuuroqax" {flame, *Corrode rPois
                  | rF++ Stlth+} (You acquired it in a bailey)
 27844 | Orc:1    | Found Luost's Antique Armour Emporium.
 27858 | Orc:1    | Identified the +4 demon trident of the Old World {pierce,
                  | rF- Int+3 Dex+3}
 27858 | Orc:1    | Identified the cursed +3 lajatang of Grontol {speed, rPois
                  | MP+9}
 27858 | Orc:1    | Noticed Dmuffinman's ghost (journeyman MiBe)
 27902 | Orc:1    | Found a bloodstained altar of Trog.
 27918 | Orc:1    | Found a transporter.
 27922 | Orc:1    | Found a transporter.
 28472 | Orc:2    | Found a staircase to the Elven Halls.
 28595 | Orc:2    | Noticed Azrael
 28800 | Orc:1    | Killed Azrael
 28800 | Orc:1    | Gained mutation: You have hooves in place of feet. [demonic
                  | ancestry]
 28800 | Orc:1    | Reached XP level 15. HP: 76/106 MP: 16/22
 29040 | Orc:2    | Found Xyplaf's Antique Weapon Emporium.
 29040 | Orc:2    | Found Moxzozik's Antique Armour Emporium.
 29041 | Orc:2    | Found Tukyreegi's Assorted Antiques.
 29044 | Orc:2    | Found Taullol's Assorted Antiques.
 29377 | Orc:1    | Bought a runed scale mail for 154 gold pieces
 29533 | D:15     | Entered Level 15 of the Dungeon
 29553 | D:15     | Reached skill level 1 in Armour
 29645 | D:15     | Noticed Jorgrun
 29761 | D:15     | Reached skill level 12 in Shields
 30582 | D:15     | Killed Jorgrun
 30930 | D:15     | Identified Roxanne's Disquisition on the Mountains
 30930 | D:15     | Noticed Roxanne
 31171 | D:15     | Found a stormy altar of Qazlal.
 31334 | D:15     | Found a staircase to the Depths.
 31572 | D:15     | Killed Roxanne
 31582 | D:15     | Learned a level 2 spell: Passwall
 31703 | Elf:1    | Entered Level 1 of the Elven Halls
 31966 | Elf:1    | Reached skill level 5 in Armour
 31966 | Elf:1    | Reached skill level 1 in Transmutations
 31966 | Elf:1    | Reached skill level 1 in Earth Magic
 33012 | Elf:1    | Reached skill level 13 in Shields
 34592 | Elf:2    | Reached XP level 16. HP: 100/112 MP: 23/23
 34603 | Elf:2    | Gained mutation: You tend to lose your temper in combat. [a
                  | neqoxec]
 35032 | Elf:2    | Reached skill level 14 in Shields
 35372 | Elf:2    | Found a huge runed translucent gate.
 35372 | Elf:2    | Found a huge runed translucent gate.
 35372 | Elf:2    | Found a huge runed translucent gate.
 35373 | Elf:2    | Found a huge runed translucent gate.
 35375 | Elf:2    | Found a huge runed translucent gate.
 35427 | Elf:3    | Entered Level 3 of the Elven Halls
 36931 | Elf:3    | Noticed a Brimstone Fiend
 37355 | Lair:2   | Lost mutation: You tend to lose your temper in combat.
                  | [potion of mutation]
 37355 | Lair:2   | Gained mutation: You have sharp fingernails. [potion of
                  | mutation]
 37355 | Lair:2   | Gained mutation: You are weak. (Str -2) [potion of
                  | mutation]
 37355 | Lair:2   | Gained mutation: Your mind is acute. (Int +2) [potion of
                  | mutation]
 37542 | Elf:3    | Reached skill level 15 in Shields
 37978 | Elf:3    | Noticed a deep elf blademaster
 38183 | Elf:3    | Killed a deep elf blademaster
 38286 | Elf:3    | Noticed a Tzitzimitl
 38288 | Elf:3    | Noticed a Brimstone Fiend
 38295 | Elf:3    | HP: 2/112 [deep elf demonologist/+2 spear of venom (8)]
 38295 | Elf:3    | Killed from afar by a soul eater

Levels and vault maps discovered:
D:1:      minmay_arrival_wavy_path, layout_basic, interstate_on_off
D:2:      layout_loops_ring, minitemple, first_ration, st_stairs_3,
          nicolae_qazlal_general_emergency
D:3:      layout_loops_cross, serial_undead, serial_undead_c, serial_undead_f,
          serial_undead_e, serial_undead_b, portal_sewer_entry_e, uniq_natasha,
          uniq_sigmund, uniq_jessica
D:4:      layout_rooms, minmay_temple_entry_nine_rooms, uniq_edmund
D:5:      layout_layer_cave, overflow_temple_1_default
D:6:      layout_basic, gammafunk_temple_overflow_claw, minmay_door_square
D:7:      layout_rooms, nrook_uturn, grunt_ogre_cave, uniq_crazy_yiuf_cottage,
          uniq_prince_ribbit1, uniq_pikel
D:8:      layout_loops_cross, serial_shops, kennysheep_mini_moat,
          chequers_serial_rivers_marsh, uniq_psyche
D:9:      layout_basic, uniq_grum
D:10:     layout_rooms, lair_entry_dummy, david_orc_5, enter_trove_3
D:11:     minmay_general_purpose_star, layout_irregular_city
D:12:     layout_cave_pools, basic_altar
D:13:     layout_roguey
D:14:     layout_cave_pools, david_vaults_1, wad_floor_pattern_untrapped
D:15:     hangedman_depths_entry_try_elsewhere_first, layout_irregular_city,
          basic_altar, minmay_stone_trees_small, serial_column_ruins,
          column_ruins_open_small, column_ruins_grid_1, column_ruins_grid_4,
          column_ruins_grid_3, column_ruins_open_medium, uniq_roxanne,
          uniq_jorgrun
Temple:   regret_index_temple_sphere_string
Lair:1:   layout_regular_city, kennysheep_abandoned_house, uniq_nergalle
Lair:2:   layout_concentric_octagons, swamp_mist,
          minmay_snake_entry_spellcaster, infiniplex_staircase_pool_2
Lair:3:   layout_regular_city, grunt_megastairs_3, uniq_fannar
Lair:4:   layout_big_grid, grunt_megastairs_2
Lair:5:   layout_cave_shapes, beast_lair_carwin_8
Lair:6:   due_jungle_book, layout_long_grid, nicolae_slime_entry_slimehenge,
          lemuel_fruit_tree
Orc:1:    layout_caves, gammafunk_ghost_wrathful_warriors, enter_bailey_3,
          serial_shops, nicolae_shop_waterfront
Orc:2:    st_orc_mages, layout_caves, uniq_azrael
Elf:1:    minmay_elf_arrival_plus, layout_gridlike, hangedman_corner_corridor,
          nrook_loot_triangle
Elf:2:    layout_geoelf_diagonals, hangedman_elf_simple_split
Elf:3:    minmay_elf_hall_x, layout_geoelf_grid

Skill      XL: |  1  2  3  4  5  6  7  8  9 10 11 12 13 14 15 16 |
---------------+-------------------------------------------------+-----
Polearms       | 2 3 4 7 8 10 11 12 13 14 | 14.0
Charms         | 3 4 |  4.0
Dodging        | 2 3 5 6 7 8 9 |  9.2
Hexes          | 1 2 4 |  4.0
Necromancy     | 1 2 3 4 |  4.0
Fighting       | 3 5 6 7 9 11 | 11.3
Shields        | 3 6 8 10 11 13 15 | 15.0
Invocations    | 4 7 9 10 | 10.7
Spellcasting   | 4 |  4.4
Armour         | 6 |  6.3
Transmutations | 3 |  3.0
Earth Magic    | 3 |  3.0

Action                   |  1- 3 |  4- 6 |  7- 9 | 10-12 | 13-15 | 16-18 || total
-------------------------+-------+-------+-------+-------+-------+-------++-------
Melee: Spear             |    94 |   182 |   453 |    44 |       |       ||   773
       Kick              |     7 |    30 |     3 |       |   130 |    33 ||   203
       Trident           |       |       |       |   718 |  1589 |   173 ||  2480
Throw: Stone             |     2 |     1 |       |     1 |       |       ||     4
       Javelin           |       |     1 |     5 |    11 |     4 |     2 ||    23
 Cast: Infusion          |     2 |       |       |       |       |       ||     2
       Spectral Weapon   |     3 |    11 |    14 |    22 |    55 |     8 ||   113
       Regeneration      |       |     1 |     1 |       |     6 |     9 ||    17
       Song of Slaying   |       |       |       |     1 |     1 |       ||     2
Invok: Ancestor Identity |       |       |     2 |       |       |       ||     2
       Recall Ancestor   |       |       |     5 |     1 |     8 |     3 ||    17
       Ancestor Life: Ba |       |       |     1 |       |       |       ||     1
Evoke: Wand              |       |       |       |       |     4 |       ||     4
  Use: Scroll            |       |    10 |     7 |     6 |    15 |     1 ||    39
       Potion            |       |     1 |       |       |     3 |     3 ||     7
 Stab: Distracted        |       |     1 |     8 |    10 |    28 |     3 ||    50
       Sleeping          |       |       |     2 |     7 |     6 |     1 ||    16
       Confused          |       |       |       |       |     2 |       ||     2
       Invisible         |       |       |       |       |     5 |       ||     5
  Eat: Chunk             |     3 |     8 |    20 |    31 |    47 |     8 ||   117
       Ration            |       |       |       |     1 |     3 |     2 ||     6
Armor: Leather armour    |    17 |    14 |    62 |    10 |    12 |     8 ||   123
       Ring mail         |       |       |       |    80 |    55 |       ||   135
       Troll leather arm |       |       |       |       |    74 |       ||    74
Dodge: Dodged            |    32 |    87 |   288 |   259 |   446 |    25 ||  1137
Block: Other             |       |       |     4 |    15 |       |       ||    19
       Reflection        |       |       |     2 |     9 |    73 |     5 ||    89
       Shield            |       |       |       |   363 |   859 |    65 ||  1287
